 Dungeon Crawl Stone Soup version 0.31-a0-851-g7ff8af7976 (webtiles) character file.

Game seed: 16913023067676174307

2884 avis the Nimble (level 9, 0/43 HPs)
             Began as a Felid Fighter on Oct 8, 2023.
             Succumbed to a hornet's poison
             ... on level 7 of the Dungeon.
             The game lasted 00:39:48 (8020 turns).

avis the Nimble (Felid Fighter)                     Turns: 8020, Time: 00:39:49

Health: 0/43       AC:  6    Str: 12    XL:     9   Next: 48%
Magic:  10/10      EV: 26    Int:  9    God:
Gold:   256        SH:  0    Dex: 20    Spells: 8/8 levels left
                                        Lives:  0   Deaths: 2

rFire   . .          .
                       - Unarmed
rCold   . . .        (shield unavailable)
rNeg    . . .        (body armour unavailable)
rPois   .            (helmet unavailable)
rElec   .            (cloak unavailable)
rCorr   .            (gloves unavailable)
SInv    +            (boots unavailable)
Will    +....        s - amulet of magic regeneration
Stlth   ++           c - +4 ring of protection
HPRegen 0.27/turn    (no ring)
MPRegen 0.52/turn

%: no passive effects
@: lethally poisoned (0 -> -8), slowed, slow
A: very small, claws 1, fangs 3, see invisible, speed 1, shaggy fur 2, stealthy
paws, no weapons or thrown items, no armour, multi-lived
a: no special abilities


You were on level 7 of the Dungeon.
You visited 2 branches of the dungeon, and saw 9 of its levels.
You also visited: Sewer.

You collected 256 gold pieces.

Inventory:

Jewellery
 c - a +4 ring of protection (left paw)
 s - an amulet of magic regeneration (around neck)
 B - a +6 ring of intelligence
Talismans
 b - a beast talisman
 A - a beast talisman
 G - a granite talisman
Wands
 k - a wand of charming (14)
 u - a wand of mindburst (12)
Scrolls
 e - 4 scrolls of vulnerability {unknown}
 f - a scroll of butterflies {unknown}
 g - a scroll of brand weapon {unknown}
 i - 2 scrolls of enchant weapon
 m - a scroll of fear
 o - 2 scrolls of blinking {unknown}
 q - 2 scrolls of silence {unknown}
 r - 2 scrolls of enchant armour {unknown}
 t - 2 scrolls of revelation {unknown}
 y - 2 scrolls of acquirement {unknown}
 C - 3 scrolls of fog {unknown}
 E - a scroll of noise {unknown}
Potions
 a - 5 potions of might
 h - 2 potions of ambrosia
 j - 4 potions of curing
 l - 2 potions of magic
 n - a potion of degeneration
 v - a potion of lignification {unknown}
 w - a potion of brilliance {unknown}
 x - 2 potions of haste
 z - 2 potions of cancellation
 D - 2 potions of mutation


   Skills:
 - Level 7.0 Fighting
 * Level 11.2 Dodging
 - Level 6.0 Unarmed Combat
 - Level 7.0 Shapeshifting


You had 8 spell levels left.
You didn't know any spells.
Your spell library contained the following spells:

 Spells                   Type           Power      Damage    Failure   Level
 Freeze                   Ice            0%         1d3       38%         1
 Sandblast                Erth           0%         2d4       38%         1
 Shock                    Conj/Air       0%         1d3       38%         1
 Summon Small Mammal      Summ           0%         N/A       38%         1
 Cigotuvi's Dreadful Rot  Necr/Pois/Air  0%         N/A       52%         2
 Passwall                 Tmut/Erth      0%         N/A       52%         2
 Call Canine Familiar     Summ           0%         N/A       77%         3
 Frozen Ramparts          Ice            0%         1d1       77%         3
 Hailstorm                Conj/Ice       0%         3d3       77%         3
 Stone Arrow              Conj/Erth      0%         3d7       77%         3
 Summon Guardian Golem    Hex/Summ       0%         N/A       77%         3
 Swiftness                Air            0%         N/A       77%         3
 Airstrike                Air            0%         2d(0-16)  99%         4
 Brom's Barrelling Bould  Conj/Erth      0%         2d3       99%         4
 Dispel Undead            Necr           0%         3d6       99%         4
 Death Channel            Necr           0%         N/A       100%        6


Dungeon Overview and Level Annotations

Branches:
Dungeon (8/15)             Temple (1/1) D:6           Sewer (visited)
   Lair: D:8-11

Altars:
Ashenzari
Dithmenos
Elyvilon
Fedhas
Hepliaklqana
Kikubaaqudgha
Makhleb
Nemelex Xobeh
Okawaru
Qazlal
Ru
Sif Muna
Trog
Uskayaw
Xom
Yredelemnul
Zin
The Shining One

Shops:
D:2 (

Annotations:
D:7 1 runed translucent door, exclusion: door, Crazy Yiuf


Innate Abilities, Weirdness & Mutations

You have sharp claws.
You have razor-sharp teeth.
You have supernaturally acute eyesight. (SInv)
You cover ground quickly. (Speed+)
You are covered in thick fur. (AC +2)
Your paws help you pounce on unaware monsters.
You are incapable of wielding weapons or throwing items.
You cannot wear armour.
You gain extra lives every three experience levels.


Message History

The steam dragon attacks as it pursues you!
The steam dragon misses you. The steam dragon completely misses you.
As you read the scroll of fear, it crumbles to dust.
You assume a fearsome visage.
The steam dragon looks frightened!
You feel sick.
You are no longer poisoned.
There is a stone staircase leading up here.
You climb upwards.
Level annotation: 1 runed translucent door, exclusion: door, Crazy Yiuf
There is a stone staircase leading down here.
You start resting.
A hornet is nearby!
You closely miss the hornet.
The hornet buzzes angrily.
The hornet misses you.
You miss the hornet. The hornet stings you.
You feel yourself slow down. The hornet completely misses you.
You closely miss the hornet. You claw the hornet.
The hornet is lightly wounded.
You feel yourself speed up. The hornet closely misses you. x2
You closely miss the hornet.
The hornet is lightly wounded.
The hornet closely misses you.
You scratch the hornet.
The hornet is lightly wounded.
The hornet completely misses you.
You scratch the hornet.
The hornet is moderately wounded.
The hornet stings you!
You suddenly lose the ability to move!
The hornet stings you!
* * * LOW HITPOINT WARNING * * *
You feel yourself slow down. The hornet stings you!
* * * LOW HITPOINT WARNING * * *
You are lethally poisoned!
You feel as though you will be slow longer.
You can move again.
As you read the scroll of fear, it crumbles to dust.
You assume a fearsome visage.
The hornet looks frightened!
You die...

### ############.#
########### #......#.....#
..........# #.####.#.###.#
...######)###.#....#...#.#
.............[....>#.....####
...######.#####........#<...#
...# #.#.....@#.......##.#
...# #.#.###.y.........#.#
...# #.#.###.#...<.....#.#
...# #.#.............###.#
..## #.#.....##.#........#
..#######.#.######.#...######
..#.....#.#.##...#.#...#
..#.###.#.#.##.#.#....##
..#.###.#.#.##.#......#


You could see a hornet (fleeing).

Vanquished Creatures
  A human (D:6)
  A water moccasin (D:6)
  A hornet zombie (D:6)
  An ice beast (D:7)
  2 sky beasts
  2 centaurs
  A phantom (D:3)
  5 bullfrogs
  A wyvern zombie (D:6)
  A necrophage (D:6)
  2 scorpions
  8 wights
  2 bullfrog zombies (D:6)
  2 howler monkeys
  A hound (D:6)
  A human zombie (D:6)
  4 orc priests
  A gnoll bouda (D:4)
  4 jellies (D:6)
  A hell rat (Sewer)
  4 iguanas
  An orc wizard (D:6)
  A killer bee zombie (D:6)
  3 mummies (D:6)
  A howler monkey zombie (D:6)
  8 gnolls
  12 adders
  A river rat (Sewer)
  2 shadow imps
  A white imp (D:5)
  An ufetubus (D:5)
  3 dart slugs
  25 orcs
  4 ball pythons
  4 bats
  2 endoplasms
  3 giant cockroaches
  7 goblins
  8 hobgoblins
  3 jackals (D:2)
  5 kobolds
  4 quokkas
  2 frilled lizards
  A goblin skeleton (D:6)
  A kobold skeleton (D:6)
  11 rats
160 creatures vanquished.

Vanquished Creatures (others)
  A yak (D:8)
  A kobold (D:8)
2 creatures vanquished.

Grand Total: 162 creatures vanquished

Notes
Turn   | Place    | Note
-------+----------+-------------------------------------------
     0 | D:1      | avis the Felid Fighter began the quest for the Orb.
     0 | D:1      | Reached XP level 1. HP: 10/10 MP: 2/2
   180 | D:1      | Reached XP level 2. HP: 14/14 MP: 3/3
   298 | D:1      | Reached skill level 5 in Unarmed Combat
   362 | D:1      | Reached XP level 3. HP: 17/17 MP: 4/4
   560 | D:1      | Found a faded altar of an unknown god.
  1036 | D:2      | Found Tigos's Antique Weapon Boutique.
  1870 | D:3      | Found a shimmering blue altar of Sif Muna.
  2151 | D:3      | Found a glowing drain.
  2155 | Sewer    | Entered a sewer
  2202 | Sewer    | Reached XP level 4. HP: 21/21 MP: 5/5
  2412 | D:3      | Found a burning altar of Makhleb.
  2977 | D:4      | Noticed a phantom
  3005 | D:3      | Killed a phantom
  3006 | D:3      | Reached XP level 5. HP: 16/24 MP: 6/6
  3206 | D:4      | Gained mutation: You are covered in thick fur. (AC +2)
                  | [Felid growth]
  3206 | D:4      | Reached XP level 6. HP: 23/28 MP: 7/7
  3217 | D:4      | Reached skill level 5 in Dodging
  3479 | D:4      | Reached skill level 6 in Dodging
  3645 | D:4      | Reached XP level 7. HP: 21/31 MP: 8/8
  3837 | D:5      | Entered Level 5 of the Dungeon
  4120 | D:5      | Reached skill level 7 in Dodging
  4300 | D:5      | Found a hide-covered altar of Uskayaw.
  4695 | D:6      | Reached skill level 8 in Dodging
  4701 | D:6      | Reached skill level 5 in Fighting
  4764 | D:6      | Noticed a human
  4766 | D:6      | Found a staircase to the Ecumenical Temple.
  4766 | D:6      | Found a runed translucent door.
  4911 | D:6      | Reached XP level 8. HP: 37/37 MP: 9/9
  4942 | D:6      | Reached skill level 9 in Dodging
  5297 | D:6      | Found a basalt altar of Yredelemnul.
  5818 | Temple   | Entered the Ecumenical Temple
  6057 | D:6      | Reached skill level 5 in Shapeshifting
  6224 | D:6      | Found an ancient bone altar of Kikubaaqudgha.
  6396 | D:6      | Found a stormy altar of Qazlal.
  6679 | D:6      | Reached XP level 9. HP: 22/41 MP: 10/10
  6943 | D:7      | Found a blossoming altar of Fedhas.
  6967 | D:7      | Reached skill level 10 in Dodging
  7407 | D:7      | Found a runed translucent door.
  7408 | D:7      | Noticed Crazy Yiuf
  7653 | D:8      | Found a shimmering altar of Xom.
  7666 | D:8      | Paralysed by a hornet for 3 turns
  7669 | D:8      | HP: 2/42 [hornet (12)]
  7671 | D:8      | Slain by a hornet
  7682 | D:8      | Identified the +1 great mace "Imynies" {flame, Str+4 SInv}
  7734 | D:8      | Reached skill level 11 in Dodging
  7768 | D:7      | Paralysed by a hornet for 1 turns
  7769 | D:7      | Slain by a hornet
  8018 | D:7      | Paralysed by a hornet for 1 turns
  8019 | D:7      | HP: 2/43 [hornet (7)]
  8020 | D:7      | Succumbed to a hornet's poison

Illustrated notes

Levels and vault maps discovered:
D:1:      lightli_arrival_noodles, layout_basic, serial_bayou,
          serial_bayou_crossing, serial_bayou_pond_d, serial_bayou_lake_a,
          serial_bayou_shore_b, serial_bayou_lagoon_a,
          ebering_ecumenical_altar_hall
D:2:      layout_basic, serial_shops, nicolae_diamond_shop
D:3:      layout_loops_ring, bloody_makhleb,
          mainiacjoe_overflow_concentric_impassable, gup_sewer_entry_bowl,
          glass_columns_a, minmay_liquid_box
D:4:      layout_rooms
D:5:      layout_rooms, nicolae_uskayaw_suspiria
D:6:      layout_basic, lemuel_mausoleum_altar_kikubaaqudgha,
          mainiacjoe_overflow_24_doors, dk_yredelemnul_ordeal, temple_statues,
          minmay_crossroads
D:7:      layout_basic, mainiacjoe_overflow_six_doors_small,
          uniq_crazy_yiuf_cottage
D:8:      layout_basic, xom_confusion_cloud, kennysheep_slug_shrine
Temple:   hellmonk_temple_micro_hex

Skill      XL: |  1  2  3  4  5  6  7  8  9 |
---------------+----------------------------+-----
Unarmed Combat | 5 6 |  6.0
Shapeshifting  | 2 3 7 |  7.0
Dodging        | 6 8 9 11 | 11.2
Fighting       | 5 7 |  7.0

Action                     |  1- 3 |  4- 6 |  7- 9 || total
---------------------------+-------+-------+-------++-------
  Melee: Unarmed           |   129 |   143 |   426 ||   698
         Bite              |    14 |    13 |    62 ||    89
         Punch             |     4 |     5 |    21 ||    30
    Use: Scroll            |       |     2 |    10 ||    12
         Potion            |       |       |     2 ||     2
   Stab: Distracted        |       |     1 |       ||     1
         Sleeping          |       |     1 |     4 ||     5
 Armour: Skin              |    17 |    30 |   123 ||   170
  Dodge: Dodged            |    80 |    95 |   338 ||   513

Table legend: (Time is in decaauts)
 A = Elapsed time spent in this place.
 B = Non-inter-level travel time spent in this place.
 C = Inter-level travel time spent in this place.
 D = Time resting spent in this place.
 E = Time spent auto-exploring this place.
 F = Levels seen in this place.
 G = Mean time per level.
                   A        B        C        D        E       F      G
               +--------+--------+--------+--------+--------+-----+--------+
         Total |   6977 |   6277 |    700 |   1345 |   2787 |  10 |  697.7 |
       Dungeon |   6805 |   6105 |    700 |   1312 |   2772 |   8 |  850.6 |
        Temple |     31 |     31 |      0 |     27 |      0 |   1 |   31.0 |
         Sewer |    140 |    140 |      0 |      6 |     15 |   1 |  140.0 |
               +--------+--------+--------+--------+--------+-----+--------+

Top non-repeatable levels by time:
     D:6: 1512 daAuts
     D:5: 1010 daAuts
     D:1: 918 daAuts
     D:3: 833 daAuts
     D:4: 804 daAuts
     D:7: 749 daAuts
     D:2: 741 daAuts
     D:8: 235 daAuts
   Sewer: 140 daAuts
  Temple: 31 daAuts
